Cogmind - Beta 15 @@@ ROGUE MODE // 2025.07.22 @ 19:57:17 Player: shapeshifter Result: Destroyed by U8-U27(R) with Subdweller Laser Performance ------------- Evolutions (0) 0 Regions Visited (3) 600 Robots Destroyed (19) 95 Value Destroyed (365) 365 Prototype IDs (0) 0 Alien Tech Used (0) 0 Bonus (0) 0 TOTAL SCORE: 1060 Bonus ------- None Cogmind --------- Core Integrity 0/250 Matter 284/300 Energy 100/100 System Corruption 0% Temperature Cool (15) Movement Treading (240) Ox1 Location -10/Subcaves Parts ------- > --- POWER (1) -------- (None) > --- PROPULSION (2) --- Light Treads Light Treads > --- UTILITY (2) ------ High-capacity Storage Unit > --- WEAPON (2) ------- Improved Light Cannon > --- INVENTORY (20) --- Ion Engine Ion Engine Light Treads Compact Wheel Improved Heat Sink Structural Scanner Visual Processing Unit Scrap Shield EM Pulse Gun Improved Light Cannon Improved Light Cannon Grenade Launcher Plasma Cutter Peak State ------------ > --- POWER ------------ Ion Engine > --- PROPULSION ------- Light Treads Compact Wheel > --- UTILITY ---------- High-capacity Storage Unit Seismic Detector > --- WEAPON ----------- Improved Light Cannon Improved Light Cannon > --- INVENTORY -------- Ion Engine Ion Engine Light Treads Light Treads Compact Wheel Improved Heat Sink Structural Scanner Visual Processing Unit Scrap Shield EM Pulse Gun Improved Light Cannon Improved Light Cannon Grenade Launcher Plasma Cutter [Rating: 11] Favorites ----------- Power Ion Engine Engine Ion Engine Propulsion Light Treads Treads Light Treads Wheel Compact Wheel Utility Seismic Detector Device Seismic Detector Storage Large Storage Unit Weapon Light Assault Rifle Energy Gun Small Laser Ballistic Gun Light Assault Rifle Ballistic Cannon Improved Light Cannon Launcher Grenade Launcher Build | -11 -10 -10 -10 ------- Run | Yrd Mat Min Sub Slots Evolved . | . . . . Power . | . . . . Propulsion . | . . . . Utility . | . . . . Weapon . | . . . . Parts Attached 16 | 7 3 4 2 Power 1 | 1 . . . Engine 1 | 1 . . . Core . | . . . . Reactor . | . . . . Propulsion 5 | 2 . 2 1 Treads 4 | 2 . 1 1 Leg . | . . . . Wheel 1 | . . 1 . Hover . | . . . . Flight . | . . . . Utility 5 | 2 1 2 . Device 1 | 1 . . . Storage 4 | 1 1 2 . Processor . | . . . . Hackware . | . . . . Protection . | . . . . Artifact . | . . . . Weapon 5 | 2 2 . 1 Energy Gun 1 | 1 . . . Energy Cannon . | . . . . Ballistic Gun 1 | 1 . . . Ballistic Cannon 2 | . 1 . 1 Launcher 1 | . 1 . . Special Weapon . | . . . . Impact Weapon . | . . . . Slashing Weapon . | . . . . Piercing Weapon . | . . . . Special Melee Weapon . | . . . . Unidentified Prototypes . | . . . . Parts Lost 6 | . . . 6 Power 1 | . . . 1 Propulsion 2 | . . . 2 Utility 1 | . . . 1 Weapon 2 | . . . 2 Highest Loss Streak 5 | . . . 5 To Critical Strikes . | . . . . Average Backups 10 | 5 10 14 14 Power 1 | . 1 2 2 Propulsion 2 | 3 2 2 3 Utility 2 | . 3 4 3 Weapon 2 | 1 2 4 4 Tool/Special . | . . . . Unused Backups 17 | . 4 . 13 Power 2 | . . . 2 Propulsion 4 | . 2 . 2 Utility 4 | . . . 4 Weapon 6 | . 2 . 4 Tool/Special 1 | . . . 1 Average Slot Usage (%) 99 | . 100 100 95 Engine 13 | . 14 14 11 Treads 24 | . 28 24 14 Wheel 3 | . . 3 12 Device 13 | . 14 14 13 Storage 14 | . 14 14 14 Energy Gun 3 | . 6 . . Ballistic Gun 7 | . 12 . . Ballistic Cannon 7 | . 1 14 19 Launcher 8 | . 7 14 8 Peak Build Rating 11 | 7 10 10 11 Average Rating 8 | 5 8 10 10 On Entrance 6 | . 7 10 10 Naked Turns . | . . . . Heaviest Build 54 | 13 33 53 54 Greatest Support 40 | 40 40 40 40 Greatest Overweight (x) 3 | 3 . 3 3 Average Overweight (x) . | . . . 2 Largest Inventory Capacity 20 | 8 15 20 20 Average Capacity 13 | 7 13 16 20 Most Carried 16 | 7 15 15 16 Average Carried 10 | 5 10 14 15 Final Capacity 20 | 8 15 20 20 Final Carried 14 | 6 14 14 14 Class Distribution -------------------- 100% | Mutant Dominant Class ---------------- Mutant | -10/Materials Mutant | -10/Mines Mutant | -10/Subcaves Resources | -11 -10 -10 -10 ----------- Run | Yrd Mat Min Sub Matter Collected 586 | 275 39 209 63 Remotely . | . . . . Salvage Created 524 | 141 254 129 . Parts 40 | 9 25 6 . Haulers Intercepted . | . . . . Recyclers Shooed . | . . . . Parts Field Recycled . | . . . . Retrieved Matter . | . . . . Parts Self-Destructed . | . . . . Prevented . | . . . . Kills | -11 -10 -10 -10 ------- Run | Yrd Mat Min Sub Combat Hostiles Destroyed 8 | . 7 . 1 Guns 3 | . 3 . . Cannons 1 | . . . 1 AOE 4 | . 4 . . Classes Destroyed 7 | 2 4 . 1 Builder 1 | . 1 . . Tunneler 4 | 4 . . . Recycler 3 | 1 . 2 . Watcher 3 | . 3 . . Swarmer 2 | . 2 . . Grunt 5 | . 5 . . Subdweller 1 | . . . 1 Best Kill Streak 4 | 3 4 2 1 Combat Bots Only 3 | . 3 . 1 Max Kills in Single Turn 2 | 1 2 1 1 Gunslinging . | . . . . Exploded 2 | . 2 . . Melee . | . . . . Uniques/NPCs Destroyed . | . . . . Combat | -11 -10 -10 -10 -------- Run | Yrd Mat Min Sub Hostile Shots Fired 77 | . 35 . 42 Missed 26 | . 9 . 17 Hits 51 | . 26 . 25 Projectile 51 | . 26 . 25 Critical Strikes 1 | . 1 . . Damage Taken 987 | . 359 36 592 Core 257 | . 86 12 159 Absorbed by Shields . | . . . . Core Remaining (%) 100 | 100 . . . Volleys Fired 58 | 15 32 2 9 Largest 2 | 2 2 2 2 Hottest 66 | 60 63 63 66 Shots Fired 107 | 30 61 4 12 Gun 78 | 30 48 . . Cannon 15 | . 2 2 11 Launcher 14 | . 11 2 1 Special . | . . . . Kinetic 60 | 15 32 2 11 Thermal 33 | 15 18 . . Explosive 14 | . 11 2 1 Electromagnetic . | . . . . Robot Hit Streak 7 | 5 7 3 4 Robot Miss Streak 3 | 2 3 . 1 Penetration Max . | . . . . Secondary Targets 1 | . 1 . . Max Gunslinging Chain 1 | . 1 . . Shots Hit Robots 58 | 18 28 3 9 Core Hits 34 | 7 22 3 2 Critical Kills . | . . . . Critical Parts Destroyed . | . . . . Critical Strikes . | . . . . Melee Attacks . | . . . . Impact . | . . . . Slashing . | . . . . Piercing . | . . . . Sneak Attacks . | . . . . Combat Hostiles . | . . . . Follow-up Attacks . | . . . . Damage Inflicted 1188 | 185 697 62 244 Guns 424 | 185 239 . . Cannons 201 | . . 38 163 Explosions 563 | . 458 24 81 Melee . | . . . . Ramming . | . . . . Kinetic 397 | 53 143 38 163 Thermal 228 | 132 96 . . Explosive 563 | . 458 24 81 Electromagnetic . | . . . . Impact . | . . . . Slashing . | . . . . Piercing . | . . . . Highest Corruption . | . . . . Average Corruption . | . . . . Corruption Purged . | . . . . Corruption Blocked . | . . . . Overload Shots . | . . . . Overflow Damage 3 | . 3 . . Projectiles . | . . . . Explosions 3 | . 3 . . Melee . | . . . . Knockbacks 3 | . . . 3 Impact . | . . . . Kinetic 2 | . . . 2 Secondary 1 | . . . 1 Self-Inflicted Damage 108 | . 72 36 . Shots 5 | . 4 1 . Rammed . | . . . . Targets Rammed . | . . . . Kicked . | . . . . Crushed . | . . . . Highest Temperature 198 | 40 198 6 . Average Temperature 49 | 15 67 3 . Received Heat Transfer 285 | . 153 . 132 Siege Activations . | . . . . Martial Activations . | . . . . Shielding Activations . | . . . . Robots Disrupted . | . . . . Combat Hostiles . | . . . . Robots Corrupted . | . . . . Combat Hostiles . | . . . . Parts Fried . | . . . . Impact Corruptions . | . . . . Robots Melted . | . . . . Combat Hostiles . | . . . . Parts Melted . | . . . . Heat Transferred 525 | 300 225 . . Parts Sabotaged . | . . . . Parts Stolen . | . . . . Parts Stripped . | . . . . Power Chain Reactions . | . . . . Alert | -11 -10 -10 -10 ------- Run | Yrd Mat Min Sub Maximum Alert Level . | . . . . Low Security (%) 100 | 100 100 100 . Level 1 . | . . . . Level 2 . | . . . . Level 3 . | . . . . Level 4 . | . . . . Level 5 . | . . . . High Security . | . . . . Max Security . | . . . . Peak Influence 184 | 10 184 44 . Initial 44 | . . 44 . Average 49 | 1 76 22 . Influence Increases 352 | 25 297 30 . Destroy 0b10 Robot/C 140 | . 140 . . Destroy 0b10 Robot/NC 55 | 25 20 10 . Destroy Leader 36 | . 36 . . Successful Hack 9 | . 9 . . Disable Machine 15 | . 15 . . Destroy Structure 97 | . 77 20 . Influence Decreases 352 | 25 183 140 4 Entered New Map 73 | . . 70 3 Time Decay 279 | 25 183 70 1 Squads Dispatched 1 | . 1 . . Investigation 1 | . 1 . . Extermination . | . . . . Reinforcement . | . . . . Assault . | . . . . Garrison . | . . . . Intercept . | . . . . Searches Triggered . | . . . . Construction Impeded . | . . . . Haulers Reinforced . | . . . . Active Scanning Responses . | . . . . Cargo Convoy Interrupts . | . . . . Stealth | -11 -10 -10 -10 --------- Run | Yrd Mat Min Sub Distress Signals 1 | . 1 . . Communications Jammed . | . . . . Distress Signals . | . . . . Times Spotted 26 | . 13 . 13 Peak Tracking Total 8 | . 4 . 8 Tactical Retreats . | . . . . Traps | -11 -10 -10 -10 ------- Run | Yrd Mat Min Sub Traps Triggered . | . . . . Indirectly . | . . . . Trap Hack Attempts . | . . . . Triggered . | . . . . Disarmed . | . . . . Reprogrammed . | . . . . Reused . | . . . . Traps Extracted . | . . . . Installed . | . . . . Triggered . | . . . . Machines | -11 -10 -10 -10 ---------- Run | Yrd Mat Min Sub Machines Disabled 3 | . 3 . . Max in Single Turn 2 | . 2 . . Machines Repaired . | . . . . Machines Dismantled . | . . . . Machines Sabotaged . | . . . . Overloaded Fab Kills . | . . . . Hacking | -11 -10 -10 -10 --------- Run | Yrd Mat Min Sub Machines Accessed 4 | . 4 . . Terminals 4 | . 4 . . Fabricators . | . . . . Repair Stations . | . . . . Recycling Units . | . . . . Scanalyzers . | . . . . Garrison Access . | . . . . Total Hacks 14 | . 14 . . Successful 8 | . 8 . . Failed 6 | . 6 . . Catastrophic 2 | . 2 . . Database Lockouts . | . . . . Manual 12 | . 12 . . Terminals 14 | . 14 . . Fabricators . | . . . . Repair Stations . | . . . . Recycling Units . | . . . . Scanalyzers . | . . . . Garrison Access . | . . . . Terminal Hacks 4 | . 4 . . Robot Analysis 1 | . 1 . . Branch Access Points 1 | . 1 . . Emergency Access Points 1 | . 1 . . Registered Components 1 | . 1 . . Fabricator Hacks . | . . . . Repair Station Hacks . | . . . . Recycling Unit Hacks . | . . . . Scanalyzer . | . . . . Garrison Access Hacks . | . . . . Unauthorized Hacks 4 | . 4 . . Terminals 4 | . 4 . . Botnet 4 | . 4 . . Fabricators . | . . . . Repair Stations . | . . . . Recycling Units . | . . . . Scanalyzers . | . . . . Garrison Access . | . . . . Data Cores Recovered . | . . . . Used . | . . . . Hacking Detections 4 | . 4 . . Full Trace Events 1 | . 1 . . Feedback Events . | . . . . Feedback Blocked . | . . . . Robot Schematics Acquired . | . . . . Robots Built . | . . . . Authchips . | . . . . Time . | . . . . Total Robot Build Rating . | . . . . Part Schematics Acquired . | . . . . Parts Built . | . . . . Authchips . | . . . . Time . | . . . . Total Part Build Rating . | . . . . Parts Repaired . | . . . . Time . | . . . . Parts Recycled . | . . . . Recycled Matter . | . . . . Retrieved Matter . | . . . . Retrieved Components . | . . . . Parts Scanalyzed . | . . . . Part Schematics Acquired . | . . . . Parts Damaged . | . . . . Bothacking | -11 -10 -10 -10 ------------ Run | Yrd Mat Min Sub Used RIF Installer . | . . . . Robots Hacked . | . . . . Non-combat . | . . . . Combat . | . . . . Robot Hacks Applied . | . . . . Relay Couplers Released . | . . . . Fabnet Peak Effective % . | . . . . Robots Rewired . | . . . . Allies Hacked . | . . . . Hacks Repelled . | . . . . Allies | -11 -10 -10 -10 -------- Run | Yrd Mat Min Sub Total Allies . | . . . . Largest Group . | . . . . Highest-Rated Group . | . . . . Highest-Rated Ally . | . . . . Total Orders . | . . . . Ally Attacks . | . . . . Total Damage . | . . . . Kills . | . . . . Allies Corrupted . | . . . . Allies Melted . | . . . . Intel | -11 -10 -10 -10 ------- Run | Yrd Mat Min Sub Active Infowar (turns) 864 | 2 543 149 170 Seismic 864 | 2 543 149 170 Robot Analysis Total 1 | . 1 . . Derelict Logs Recovered . | . . . . Drone Launches . | . . . . Drone Recoveries . | . . . . Exploration | -11 -10 -10 -10 ------------- Run | Yrd Mat Min Sub Turns Passed 1091 | 220 543 149 179 Spaces Moved 568 | 110 272 85 101 Core 24 | 24 . . . Treads 424 | 86 272 59 7 Legs . | . . . . Wheels 120 | . . 26 94 Hover . | . . . . Flight . | . . . . Fastest Speed 50 | 50 160 145 145 Average Speed 155 | 145 160 155 151 Slowest Speed 240 | 200 160 160 240 Overloaded Moves . | . . . . Propulsion Burnouts . | . . . . Robots Hopped . | . . . . Potential Cave-ins . | . . . . Cave-ins Triggered . | . . . . Exploration Rate (%) 23 | 6 54 22 12 Regions Visited 3 Branch Regions 2 Pre-discovered Areas . | . . . . Known Exits Taken 1 | . 1 . . Unknown Exits Taken 2 | 1 . 1 . Scrap Searched 1 | . . 1 . Spaces Dug 7 | . 7 . . Terrain Destroyed 103 | . 81 20 2 Melee . | . . . . Projectile . | . . . . AOE 103 | . 81 20 2 Terrain Rammed . | . . . . Walls Destroyed . | . . . . Machines Disabled . | . . . . Actions | -11 -10 -10 -10 --------- Run | Yrd Mat Min Sub Total 683 | 143 327 98 115 Wait . | . . . . Move 565 | 109 271 84 101 Hop . | . . . . Pick Up 31 | 12 14 3 2 Fast Attach 1 | 1 . . . Attach 9 | 6 . . 3 Detach . | . . . . Swap 8 | . 3 5 . Drop 11 | . 7 4 . Fire 58 | 15 32 2 9 Melee . | . . . . Ram . | . . . . Kick . | . . . . Crush . | . . . . Escape Stasis . | . . . . Rewire . | . . . . Trap . | . . . . Miscellaneous . | . . . . Route ------- -11/Scrapyard -10/Materials (discovered 2 exits: [*Mat] / *Min) -10/Mines -10/Subcaves History --------- Turn | Location | Event 6 | -11/Scrapyard | Discovered new exit (range 15) 221 | -11/Scrapyard | Entered Materials 318 | -10/Materials | Build established: Mutant 458 | -10/Materials | Identified exit to Mines 606 | -10/Materials | Discovered new exit (range 5) 764 | -10/Materials | Entered Mines 836 | -10/Mines | Found DCF Scrap (14 items) 903 | -10/Mines | Discovered new exit (range 8) 913 | -10/Mines | Entered Subcaves 1051 | -10/Subcaves | Ambushed by swarm of Subdwellers 1052 | -10/Subcaves | Ambushed by Subdwellers from Twisted Machinery 1054 | -10/Subcaves | Ambushed by Subdwellers from Twisted Machinery 1054 | -10/Subcaves | Ambushed by Subdwellers from Twisted Machinery 1054 | -10/Subcaves | Ambushed by Subdwellers from Twisted Machinery 1062 | -10/Subcaves | Core integrity fell below 50% 1092 | -10/Subcaves | Core integrity fell below 20% 1092 | -10/Subcaves | Destroyed by U8-U27(R) with Subdweller Laser Last Messages --------------- Twisted Machinery. 01054_ 29-AU9(R) angrily emerges from the Twisted Machinery. 01054_ E6-0D9(R) destroyed. 01055_ I2-CKY(R) emerges from the Twisted Machinery. 01055_ Ion Engine destroyed. 01055_ I2-CKY(R) knocked back. 01056_ I2-CKY(R) destroyed. 01057_ Subatomizers dissect the Sub. Monowheel. 01057_ HV Slug penetrates 4C-TIO(R). 01057_ 4C-TIO(R) suffers critical hit (Destroy). 01057_ 4C-TIO(R) destroyed. 01059_ PQ-0JZ(h) destroyed. 01061_ U8-U27(R) emerges from the Twisted Machinery. 01074_ Com. Wheel destroyed. 01077_ Lgt. Treads destroyed. 01083_ Seismic Detector destroyed. 01091_ Imp. Light Cannon destroyed. Map ----- +----------------------------------------------------+ | ?????????????????????????????????????????????? | | ?????????????????????????????????????????????? | | ?????????????????????????????????????????????? | | ?????????????????????????????????????????????? | | ?????????????????????????????????????????????? | | ?????????????????????????????????????????????? | | ?????????????????????????????????????????????? | | ?????????????????????????????????????????????? | | ?????????????????????????????????????????????? | | ?????????????????????????????????????????????? | | ?????????????????????????????????????????????? | | ?????????????????????????????????????????????? | | ?????????????????????????????????????????????? | | ?????????????????????????????????????????????? | | ??????????????????####???????????????????????? | | ??????????????????# ##?????????????????????? | | ??????????????????? ##????????????????????? | | ???????????????????# ###??????????????????? | | ???????????????????# ;#??????????????????? | | ???????????????????# #???##?????????????? | | ????????????????????# #??# #?????????????? | | ????????????????????## #?? #?????????????? | | ?????????????????????#; #?? #?????????????? | | ?????????????????????#; ### #?????????????? | | ?????????##??????????# #?????????????? | | ???????? #" ????????## @ ##?????????????? | | ??????? ?????????# #??????????????? | | ??????? ????????##RRRR ##?????????????? | | ?????? ???###???## R #?????????????? | | ?????? #?## ##??##=! #?????????????? | | ???????# ## ###""!%! ##?????????????? | | ????????# ##!% %[!!##??????????????? | | ?????????# !=!%####???????????????? | | ??????????# &%]R#??????????????????? | | ???????????## !!%[#??????????????????? | | ????????????### ###??????????????????? | | ??????????????# #????????????????????? | | ?????????????## #????????????????????? | | ?????????????# !=#????????????????????? | | ?????????????## ##| % #####????????????????? | | ????????###???###?# ! = #????????????????? | | ? ###??## #?????##! #????????????????? | | ?# ### ##???# ##????????????????? | | ?# ###?# ##?????????????????? | | ??# ### ##??????????????????? | | ????# #???????????????????? | | ??????# #???????????????????? | | ??????# #???????????????????? | | ?????## ##???????????????????? | | ?????# #????????????????????? | +----------------------------------------------------+ Best States ------------- Heat Dissipation 25 Energy Generation 10 Energy Capacity 250 Matter Stores 300 Matter Capacity 300 Sight Range 16 Terrain Scan Density 10 Evasion (%) 40 Recoil Reduction 2 Item Schematics ----------------- None Robot Schematics ------------------ None Fabricated ------------ Nothing Repaired ---------- Nothing Alien Tech Used ----------------- None Achievements -------------- None Challenges ------------ None Game ------ Seed CargoGuidanceUnit Manual? 0 Play Time 00:11:54 Cumulative 33.7 hours Start 2025.07.22 @ 19:35:33 End 2025.07.22 @ 19:57:17 Sessions 1 Manual Loads 0 Difficulty Rogue Special Mode None Game No. 85 Rogue 85 Adventurer 0 Explorer 0 Win Type - Total 0 Types 0/0/0/0/0/0/0/0/0/0 Lore% 32 Gallery% 32 Achievement% 25 Wizard Run 0 Options --------- Layout 1 ASCII 0 Keyboard 0 Movement Mouse Keybinds 0 Fullscreen 1 Font 24/Smallcaps Map View 50x35 Zoom Use 0% Tactical HUD 1 Map Filters NONE Filters NONE Steam 1 RUN: acdb3685-4a4f-41c8-a29e-0a04d1bed34d